General information
- name: BNet
- type: Ladder team game (AT/RT)
- host: Battle.net
- saver: Triggered
map: DragonFalls
- players: 8
- length: 43:54
- speed: Fast
- version: 1.26 W3XP
- replay type: Public
» download(257 KB)
Players
team 1 (loser)
tempopetit (
green | 83 APM | 3661 actions | 43:53)
5 Lich
3 Frost Nova
2 Dark Ritual
4 Death Knight
2 Death Coil
2 Unholy Aura
2 Dreadlord
1 Sleep
1 Carrion Swarm
» actions
| Assign group hotkey | 91 | |
| Basic commands | 199 | |
| Build / train | 87 | |
| ESC pressed | 18 | |
| Enter build submenu | 36 | |
| Enter hero's abilities submenu | 11 | |
| Give item / drop item | 2 | |
| Right click | 1107 | |
| Select / deselect | 698 | |
| Select group hotkey | 1248 | |
| Use ability | 164 | |
3661 total
» units
| Acolyte | 16 | |
| Ghoul | 10 | |
| Crypt Fiend | 13 | |
| Obsidian Statue | 5 | |
44 total
» upgrades
| Backpack | 1 | |
| Destroyer Form | 1 | |
| Web | 1 | |
| Burrow | 1 | |
| Creature Attack | 1 | |
| Creature Carapace | 1 | |
6 total
» buildings
| Crypt | 1 | |
| Graveyard | 1 | |
| Altar of Darkness | 1 | |
| Ziggurat | 16 | |
| Tomb of Relics | 1 | |
| Nerubian Tower | 2 | |
| Necropolis | 3 | |
| Halls of the Dead | 2 | |
| Spirit Tower | 5 | |
| Black Citadel | 2 | |
| Slaughterhouse | 1 | |
35 total
» build order
00:09 Crypt
00:15 Graveyard
00:45 Altar of Darkness
01:00 Ziggurat
01:27 Tomb of Relics
02:13 Ziggurat
03:10 Nerubian Tower
04:18 Necropolis
04:30 Ziggurat
04:41 Ziggurat
04:56 Ziggurat
05:20 Halls of the Dead
05:20 Halls of the Dead
05:24 Ziggurat
05:45 Ziggurat
06:26 Spirit Tower
08:00 Black Citadel
08:05 Slaughterhouse
14:12 Necropolis
16:10 Ziggurat
16:11 Ziggurat
16:14 Ziggurat
16:16 Ziggurat
17:49 Nerubian Tower
17:51 Spirit Tower
17:51 Spirit Tower
21:40 Ziggurat
21:41 Ziggurat
22:08 Ziggurat
22:18 Ziggurat
22:42 Ziggurat
22:44 Necropolis
22:56 Spirit Tower
24:07 Spirit Tower
» items
| Rod of Necromancy | 2 | |
| Sacrificial Skull | 1 | |
| Lesser Clarity Potion | 1 | |
| Orb of Corruption | 1 | |
| Scroll of Town Portal | 2 | |
7 total
MaddMax (
teal | 29 APM | 862 actions | 29:23)
4 Demon Hunter
2 Mana Burn
2 Evasion
2 Priestess of the Moon
1 Trueshot Aura
1 Scout
» actions
| Build / train | 59 | |
| Enter build submenu | 22 | |
| Enter hero's abilities submenu | 6 | |
| Give item / drop item | 7 | |
| Right click | 378 | |
| Select / deselect | 334 | |
| Use ability | 56 | |
862 total
» units
| Wisp | 14 | |
| Huntress | 4 | |
| Archer | 8 | |
| Dryad | 6 | |
| Hippogryph | 2 | |
34 total
» upgrades
| Abolish Magic | 1 | |
| Improved Bows | 1 | |
| Strength of the Moon | 2 | |
| Strength of the Wild | 1 | |
| Nature's Blessing | 1 | |
| Druid of the Talon Training | 2 | |
8 total
» buildings
| Altar of Elders | 1 | |
| Moon Well | 9 | |
| Hunter's Hall | 1 | |
| Ancient of War | 2 | |
| Tree of Ages | 1 | |
| Ancient of Wonders | 1 | |
| Ancient of Lore | 2 | |
| Tree of Life | 1 | |
| Tree of Eternity | 1 | |
| Ancient of Wind | 3 | |
22 total
» build order
00:44 Altar of Elders
00:46 Moon Well
02:01 Hunter's Hall
02:46 Ancient of War
02:50 Ancient of War
02:59 Moon Well
03:21 Moon Well
04:44 Tree of Ages
05:36 Moon Well
06:36 Ancient of Wonders
08:53 Ancient of Lore
08:56 Ancient of Lore
12:41 Moon Well
13:48 Moon Well
16:24 Tree of Life
16:32 Tree of Eternity
19:48 Ancient of Wind
19:52 Moon Well
19:58 Moon Well
20:38 Ancient of Wind
20:42 Ancient of Wind
21:44 Moon Well
» items
| Scroll of Town Portal | 1 | |
| Potion of Lesser Invulnerability | 2 | |
| Boots of Speed | 1 | |
| Circlet of Nobility | 1 | |
| Periapt of Vitality | 1 | |
| Orb of Corruption | 1 | |
7 total
TheSmiths (
pink | 49 APM | 2155 actions | 43:53)
6 Archmage
3 Summon Water Elemental
2 Brilliance Aura
1 Mass Teleport
» actions
| Assign group hotkey | 32 | |
| Basic commands | 245 | |
| Build / train | 91 | |
| Enter build submenu | 53 | |
| Enter hero's abilities submenu | 7 | |
| Give item / drop item | 3 | |
| Right click | 622 | |
| Select / deselect | 398 | |
| Select group hotkey | 539 | |
| Use ability | 165 | |
2155 total
» units
| Peasant | 13 | |
| Footman | 4 | |
| Goblin Shredder | 1 | |
| Goblin Zeppelin | 1 | |
| Gryphon Rider | 5 | |
| Goblin Sapper | 15 | |
| Dragonhawk Rider | 6 | |
| Green Dragon | 2 | |
47 total
» upgrades
| Lumber Harvesting | 1 | |
| Masonry | 2 | |
| Swords | 3 | |
| Armor | 4 | |
| Animal War Training | 1 | |
| Storm Hammers | 1 | |
| Cloud | 1 | |
13 total
» buildings
| Altar of Kings | 1 | |
| Barracks | 1 | |
| Farm | 12 | |
| Lumber Mill | 1 | |
| Keep | 1 | |
| Town Hall | 2 | |
| Scout Tower | 34 | |
| Arcane Vault | 1 | |
| Guard Tower | 10 | |
| Castle | 1 | |
| Gryphon Aviary | 6 | |
| Blacksmith | 2 | |
72 total
» build order
00:37 Altar of Kings
00:38 Barracks
00:50 Farm
00:51 Farm
01:05 Farm
01:35 Farm
03:12 Lumber Mill
03:52 Keep
04:22 Town Hall
04:27 Scout Tower
04:29 Scout Tower
04:32 Scout Tower
04:35 Scout Tower
04:46 Arcane Vault
05:01 Guard Tower
05:05 Guard Tower
06:14 Castle
10:13 Gryphon Aviary
10:14 Gryphon Aviary
10:14 Gryphon Aviary
10:18 Blacksmith
10:19 Blacksmith
10:49 Gryphon Aviary
10:50 Gryphon Aviary
10:53 Farm
11:15 Scout Tower
11:16 Scout Tower
11:17 Scout Tower
11:17 Scout Tower
11:18 Scout Tower
11:18 Scout Tower
11:19 Scout Tower
11:20 Scout Tower
11:28 Scout Tower
11:29 Scout Tower
11:29 Scout Tower
11:29 Scout Tower
11:30 Scout Tower
11:35 Scout Tower
11:36 Scout Tower
11:54 Guard Tower
11:55 Guard Tower
11:59 Guard Tower
12:00 Guard Tower
13:32 Farm
14:33 Farm
14:33 Farm
15:08 Farm
16:10 Guard Tower
16:14 Guard Tower
18:54 Scout Tower
18:54 Scout Tower
18:54 Scout Tower
18:55 Scout Tower
18:55 Scout Tower
18:57 Scout Tower
18:57 Scout Tower
18:58 Scout Tower
18:58 Scout Tower
18:58 Scout Tower
19:46 Guard Tower
19:52 Scout Tower
19:52 Scout Tower
19:53 Scout Tower
19:53 Scout Tower
19:54 Scout Tower
20:27 Guard Tower
23:24 Town Hall
34:22 Farm
» items
| Scroll of Regeneration | 3 | |
| Mechanical Critter | 4 | |
| Scroll of Town Portal | 2 | |
| Potion of Healing | 2 | |
| Lesser Clarity Potion | 1 | |
12 total

»
Thefighter (
yellow | 34 APM | 1506 actions | 43:53)
5 Demon Hunter
3 Immolation
2 Evasion
3 Keeper of the Grove
2 Entangling Roots
1 Force of Nature
1 Priestess of the Moon
1 Searing Arrows
1 Archmage
1 Blizzard
» actions
| Assign group hotkey | 54 | |
| Basic commands | 6 | |
| Build / train | 79 | |
| Enter build submenu | 24 | |
| Enter hero's abilities submenu | 10 | |
| Right click | 900 | |
| Select / deselect | 288 | |
| Select group hotkey | 72 | |
| Use ability | 73 | |
1506 total
» units
| Wisp | 22 | |
| Archer | 11 | |
| Hippogryph | 6 | |
| Dryad | 8 | |
| Goblin Shredder | 1 | |
| Chimaera | 7 | |
55 total
» upgrades
| Strength of the Moon | 1 | |
| Ultravision | 1 | |
| Improved Bows | 1 | |
| Hippogryph Taming | 1 | |
| Marksmanship | 1 | |
| Abolish Magic | 1 | |
| Corrosive Breath | 1 | |
7 total
» buildings
| Moon Well | 9 | |
| Altar of Elders | 1 | |
| Ancient of War | 1 | |
| Hunter's Hall | 1 | |
| Tree of Ages | 1 | |
| Tree of Life | 5 | |
| Ancient of Wind | 1 | |
| Tree of Eternity | 1 | |
| Ancient of Lore | 2 | |
| Chimaera Roost | 2 | |
24 total
» build order
00:31 Moon Well
00:40 Altar of Elders
01:16 Ancient of War
01:28 Moon Well
01:59 Hunter's Hall
03:49 Tree of Ages
05:01 Tree of Life
05:23 Moon Well
06:27 Ancient of Wind
09:20 Tree of Eternity
09:46 Moon Well
11:18 Ancient of Lore
11:32 Moon Well
11:37 Ancient of Lore
13:56 Moon Well
14:51 Moon Well
15:02 Tree of Life
16:46 Moon Well
18:26 Chimaera Roost
19:44 Moon Well
19:57 Chimaera Roost
20:43 Tree of Life
24:37 Tree of Life
26:05 Tree of Life
» items
team 2 (winner)

»
dr.shaw (
blue | 88 APM | 1625 actions | 18:22)
3 Death Knight
2 Death Coil
1 Unholy Aura
2 Lich
1 Frost Nova
1 Frost Armor
» actions
| Assign group hotkey | 59 | |
| Basic commands | 95 | |
| Build / train | 69 | |
| Enter build submenu | 24 | |
| Enter hero's abilities submenu | 5 | |
| Give item / drop item | 5 | |
| Remove unit from queue | 1 | |
| Right click | 568 | |
| Select / deselect | 323 | |
| Select group hotkey | 393 | |
| Use ability | 83 | |
1625 total
» units
| Acolyte | 13 | |
| Ghoul | 5 | |
| Crypt Fiend | 4 | |
| Frost Wyrm | 2 | |
24 total
» upgrades
| Burrow | 1 | |
| Web | 1 | |
| Creature Attack | 3 | |
| Creature Carapace | 2 | |
| Freezing Breath | 1 | |
8 total
» buildings
| Crypt | 1 | |
| Graveyard | 1 | |
| Altar of Darkness | 1 | |
| Ziggurat | 10 | |
| Nerubian Tower | 2 | |
| Tomb of Relics | 2 | |
| Halls of the Dead | 1 | |
| Spirit Tower | 2 | |
| Black Citadel | 1 | |
| Sacrificial Pit | 1 | |
| Necropolis | 1 | |
| Boneyard | 3 | |
26 total
» build order
00:16 Crypt
00:22 Graveyard
00:54 Altar of Darkness
01:11 Ziggurat
01:38 Ziggurat
02:07 Nerubian Tower
02:18 Tomb of Relics
04:01 Halls of the Dead
04:15 Ziggurat
05:15 Ziggurat
05:24 Ziggurat
05:26 Ziggurat
06:33 Spirit Tower
06:47 Spirit Tower
07:40 Tomb of Relics
07:46 Nerubian Tower
09:06 Black Citadel
09:17 Sacrificial Pit
09:32 Necropolis
11:39 Boneyard
11:41 Boneyard
11:42 Boneyard
13:43 Ziggurat
14:45 Ziggurat
17:04 Ziggurat
17:04 Ziggurat
» items
| Rod of Necromancy | 6 | |
| Orb of Corruption | 1 | |
| Potion of Healing | 1 | |
| Scroll of Town Portal | 3 | |
| Scroll of Healing | 1 | |
| Potion of Mana | 1 | |
| Boots of Speed | 1 | |
| Periapt of Vitality | 1 | |
| Potion of Lesser Invulnerability | 3 | |
18 total
fredd. (
red | 60 APM | 1108 actions | 18:27)
4 Death Knight
2 Death Coil
2 Unholy Aura
2 Lich
1 Frost Nova
1 Frost Armor
» actions
| Assign group hotkey | 9 | |
| Build / train | 52 | |
| Enter build submenu | 23 | |
| Enter hero's abilities submenu | 6 | |
| Give item / drop item | 1 | |
| Remove unit from queue | 1 | |
| Right click | 766 | |
| Select / deselect | 212 | |
| Select group hotkey | 1 | |
| Use ability | 37 | |
1108 total
» units
| Acolyte | 7 | |
| Ghoul | 5 | |
| Crypt Fiend | 13 | |
| Frost Wyrm | 7 | |
32 total
» upgrades
| Creature Attack | 2 | |
| Web | 1 | |
| Creature Carapace | 2 | |
| Freezing Breath | 0 | |
5 total
» buildings
| Graveyard | 1 | |
| Crypt | 2 | |
| Ziggurat | 8 | |
| Altar of Darkness | 1 | |
| Tomb of Relics | 1 | |
| Nerubian Tower | 1 | |
| Halls of the Dead | 1 | |
| Black Citadel | 1 | |
| Sacrificial Pit | 1 | |
| Boneyard | 2 | |
| Necropolis | 1 | |
20 total
» build order
00:26 Graveyard
00:35 Crypt
00:55 Ziggurat
01:14 Altar of Darkness
01:23 Ziggurat
02:02 Tomb of Relics
02:38 Nerubian Tower
04:46 Halls of the Dead
05:04 Ziggurat
09:07 Black Citadel
09:10 Sacrificial Pit
10:08 Ziggurat
10:14 Ziggurat
10:15 Ziggurat
10:17 Ziggurat
12:00 Boneyard
12:02 Boneyard
13:40 Ziggurat
13:45 Necropolis
14:22 Crypt
» items
| Rod of Necromancy | 1 | |
| Scroll of Town Portal | 2 | |
3 total
Triggered (
purple | 91 APM | 3976 actions | 43:54)
8 Archmage
3 Summon Water Elemental
3 Brilliance Aura
1 Mass Teleport
1 Blizzard
1 Blademaster
1 Wind Walk
1 Death Knight
1 Unholy Aura
» actions
| Assign group hotkey | 204 | |
| Basic commands | 52 | |
| Build / train | 140 | |
| ESC pressed | 1 | |
| Enter build submenu | 73 | |
| Enter hero's abilities submenu | 10 | |
| Give item / drop item | 6 | |
| Right click | 1579 | |
| Select / deselect | 501 | |
| Select group hotkey | 1121 | |
| Use ability | 289 | |
3976 total
» units
| Peasant | 15 | |
| Footman | 7 | |
| Goblin Zeppelin | 1 | |
| Goblin Shredder | 4 | |
| Dragonhawk Rider | 8 | |
| Gryphon Rider | 5 | |
40 total
» upgrades
| Masonry | 3 | |
| Swords | 3 | |
| Lumber Harvesting | 2 | |
| Armor | 3 | |
| Animal War Training | 1 | |
| Cloud | 1 | |
| Storm Hammers | 1 | |
| Spiked Barricades | 1 | |
15 total
» buildings
| Altar of Kings | 2 | |
| Barracks | 1 | |
| Farm | 15 | |
| Arcane Vault | 1 | |
| Town Hall | 4 | |
| Scout Tower | 32 | |
| Keep | 3 | |
| Lumber Mill | 1 | |
| Guard Tower | 27 | |
| Blacksmith | 1 | |
| Castle | 5 | |
| Gryphon Aviary | 8 | |
| Watch Tower | 9 | |
109 total
» build order
00:51 Altar of Kings
00:52 Barracks
00:54 Farm
01:05 Farm
01:21 Farm
02:00 Farm
02:31 Arcane Vault
04:37 Town Hall
04:45 Scout Tower
04:46 Scout Tower
04:46 Scout Tower
04:47 Scout Tower
05:39 Keep
05:45 Lumber Mill
06:49 Scout Tower
06:50 Scout Tower
06:51 Scout Tower
06:54 Scout Tower
07:18 Guard Tower
07:18 Guard Tower
07:18 Guard Tower
07:20 Guard Tower
07:20 Guard Tower
07:22 Guard Tower
07:22 Guard Tower
07:22 Guard Tower
07:28 Guard Tower
07:32 Blacksmith
08:01 Castle
08:15 Gryphon Aviary
09:19 Gryphon Aviary
10:40 Scout Tower
10:40 Scout Tower
10:42 Scout Tower
10:45 Scout Tower
10:46 Scout Tower
10:47 Scout Tower
11:44 Guard Tower
11:45 Guard Tower
12:55 Scout Tower
12:56 Scout Tower
13:04 Scout Tower
13:30 Guard Tower
13:41 Guard Tower
13:42 Guard Tower
13:46 Farm
13:47 Farm
13:48 Farm
14:40 Gryphon Aviary
14:42 Gryphon Aviary
14:47 Scout Tower
15:43 Guard Tower
16:51 Scout Tower
16:52 Scout Tower
16:53 Scout Tower
16:53 Scout Tower
16:55 Scout Tower
17:31 Guard Tower
18:02 Watch Tower
18:08 Watch Tower
18:09 Watch Tower
18:10 Watch Tower
18:17 Town Hall
18:18 Scout Tower
18:19 Scout Tower
18:19 Scout Tower
18:22 Scout Tower
18:40 Watch Tower
19:15 Guard Tower
19:15 Guard Tower
19:15 Guard Tower
20:08 Watch Tower
20:09 Watch Tower
20:10 Watch Tower
20:12 Watch Tower
20:55 Scout Tower
20:58 Scout Tower
20:59 Scout Tower
21:01 Scout Tower
21:04 Scout Tower
21:53 Guard Tower
21:53 Guard Tower
21:54 Guard Tower
25:31 Guard Tower
38:18 Town Hall
38:24 Gryphon Aviary
38:26 Gryphon Aviary
38:29 Gryphon Aviary
38:31 Gryphon Aviary
38:45 Farm
38:46 Farm
38:47 Farm
38:48 Farm
38:56 Town Hall
39:25 Keep
40:08 Farm
40:09 Farm
40:10 Farm
40:11 Farm
41:34 Altar of Kings
42:38 Castle
42:38 Castle
42:38 Castle
» items
| Lesser Clarity Potion | 1 | |
| Mechanical Critter | 6 | |
| Scroll of Regeneration | 7 | |
| Dust of Appearance | 1 | |
| Periapt of Vitality | 1 | |
| Staff of Teleportation | 1 | |
| Potion of Lesser Invulnerability | 2 | |
| Scroll of Town Portal | 3 | |
| Staff of Sanctuary | 1 | |
| Boots of Speed | 1 | |
| Scroll of Protection | 1 | |
25 total
RF_Engineer (
orange | 46 APM | 821 actions | 17:53)
3 Blademaster
2 Critical Strike
1 Wind Walk
» actions
| Assign group hotkey | 6 | |
| Build / train | 46 | |
| Enter build submenu | 24 | |
| Enter hero's abilities submenu | 3 | |
| Give item / drop item | 3 | |
| Remove unit from queue | 1 | |
| Right click | 446 | |
| Select / deselect | 207 | |
| Select group hotkey | 40 | |
| Use ability | 45 | |
821 total
» units
» upgrades
| Ranged Weapons | 2 | |
| Armor | 2 | |
| Reinforced Defenses | 1 | |
5 total
» buildings
| Orc Burrow | 6 | |
| Altar of Storms | 1 | |
| War Mill | 1 | |
| Voodoo Lounge | 1 | |
| Stronghold | 1 | |
| Watch Tower | 11 | |
| Beastiary | 3 | |
| Great Hall | 1 | |
| Fortress | 1 | |
26 total
» build order
00:08 Orc Burrow
00:13 Altar of Storms
00:53 War Mill
01:26 Voodoo Lounge
02:26 Stronghold
02:39 Orc Burrow
03:02 Orc Burrow
03:40 Watch Tower
03:58 Watch Tower
04:51 Beastiary
05:01 Beastiary
05:25 Watch Tower
05:33 Beastiary
06:30 Orc Burrow
07:50 Orc Burrow
09:03 Orc Burrow
10:57 Great Hall
11:07 Fortress
11:49 Watch Tower
11:54 Watch Tower
12:04 Watch Tower
12:09 Watch Tower
13:00 Watch Tower
13:04 Watch Tower
13:19 Watch Tower
13:43 Watch Tower
» items
| Healing Salve | 2 | |
| Periapt of Vitality | 1 | |
| Circlet of Nobility | 1 | |
| Scroll of Town Portal | 2 | |
| Orb of Lightning | 1 | |
| Potion of Healing | 2 | |
9 total
Chat log
(00:11 / All) Triggered: Teal what's the best Mad Max movie
(00:20 / All) Triggered: 1, 2, 3, or the new one?
(00:25 / All) MaddMax: lol
(00:27 / All) TheSmiths: Beyond Thunderdome
(00:31 / All) TheSmiths: WHO RUN BARTER TOWN
(00:32 / All) MaddMax: i like the new one
(00:39 / All) Triggered: did you even watch the old ones
(00:57 / All) Triggered: Guess not
(00:58 / All) fredd.: THUNDERDOME!!!!!!!!!!!!!!!!!
(01:00 / Allies) RF_Engineer: did they have NE?
(01:06 / All) MaddMax: lol...no
(01:07 / All) fredd.: TWO MEN ENTER.... ONE MAN LEAVE
(01:11 / All) Triggered: retard
(01:19 / All) Triggered: Thunderdome owns
(01:26 / All) TheSmiths: BT is imminently quotable
(01:28 / All) fredd.: duh
(01:29 / All) TheSmiths: therefore it wins
(01:35 / All) MaddMax: i didnt even know about it til the new one. but loved it
(01:38 / Allies) RF_Engineer: going air
(01:42 / All) Triggered: oh lawl
(01:44 / All) TheSmiths: how old you are
(01:56 / All) MaddMax: old enough to party
(02:03 / All) Triggered: clearly very old lawl
(02:06 / All) TheSmiths: how do you not hear about mad max
(02:08 / All) Triggered: watch mad max 2 and beyond thunderdome
(02:09 / All) Triggered: they own
(02:25 / All) TheSmiths: ever heard of army of darkness
(02:26 / All) MaddMax: will do!
(02:33 / All) MaddMax: no
(02:45 / All) TheSmiths: *disgusted sigh*
(03:05 / All) MaddMax: lol so much hate
(03:11 / All) MaddMax: i cant like a movie!
(03:28 / Allies) Triggered: I don't need your help
(03:32 / Allies) RF_Engineer: ok
(03:33 / Allies) Triggered: go solo bm somewhere else please
(03:35 / Allies) fredd.: purple
(03:38 / Allies) fredd.: this is a team 4v4
(03:41 / Allies) fredd.: you signed up for help
(03:41 / Allies) fredd.: stfu
(03:43 / Allies) Triggered: so be a team player and get units
(03:45 / Allies) Triggered: rather than 1 hero
(03:53 / Allies) RF_Engineer: i said I going air
(04:07 / Allies) Triggered: you could get a few grunts to creep
(04:11 / Allies) Triggered: and in case they hit early
(04:15 / Allies) Triggered: rather than straight tech in 4v4
(04:17 / Allies) RF_Engineer: could but this way faster to air
(04:34 / Allies) fredd.: blue
(04:34 / Allies) fredd.: now
(05:54 / Allies) fredd.: coil me
(06:06 / Allies) fredd.: yes
(06:07 / Allies) fredd.: dont tp out
(06:11 / Allies) fredd.: i have a book of dead if needed
(07:28 / Allies) fredd.: out
(08:51 / All) TheSmiths: personally I think blue mh
(09:02 / All) dr.shaw: lol why
(09:41 / All) TheSmiths: Because you do
(10:01 / All) dr.shaw: i got that alot
(10:03 / All) dr.shaw: but w.e
(10:09 / All) TheSmiths: because you do
(10:35 / Allies) Triggered: thanks orange
(12:08 / Allies) Triggered: need some bats for hippos
(12:13 / Allies) Triggered: I'll get some hawks
(12:25 / Allies) Triggered: tp
(12:46 / Allies) fredd.: out of mana
(13:45 / Allies) RF_Engineer: need lumber
(13:53 / Allies) RF_Engineer: help purp?
(13:57 / Allies) Triggered: be right there
(14:04 / Allies) Triggered: got yellow's expo
(14:07 / Allies) fredd.: shit blue
(14:10 / Allies) fredd.: we both going wyrms
(14:42 / Allies) dr.shaw: gold red?
(14:56 / Allies) Triggered: they are gonna hit our mains
(15:01 / Allies) RF_Engineer: lumber please
(15:16 / Allies) RF_Engineer: tks
(15:27 / Allies) dr.shaw: red come
(15:30 / Allies) fredd.: when they hit a main
(15:31 / Allies) fredd.: ill tp
(15:36 / All) Triggered: nice reinforcements
(17:46 / Allies) dr.shaw: we just gonna sit?
(17:53 / All) MaddMax: never understood people like that
(18:12 / Allies) fredd.: wow blue
(22:57 / All) Triggered: this map needs more trees
(23:06 / All) MaddMax: lol why
(28:04 / All) Triggered: lol
(28:23 / All) MaddMax: pink tked us.
(28:36 / All) Triggered: i 1v3 you
(28:43 / All) MaddMax: no
(28:45 / All) Triggered: I have 3 100 food armies
(28:49 / All) Triggered: you were raped
(28:59 / All) Triggered: I didn't need pink to thwart that attack and end the game
(28:59 / All) MaddMax: false
(29:04 / All) Triggered: don't blame your own problems on someone else buddy
(29:06 / All) Triggered: own up to the rape
(29:38 / All) Triggered: that was funny lol
(29:43 / All) Triggered: they thought they were about to finish me
(29:44 / All) TheSmiths: FOR GLORY
(29:45 / All) Triggered: THEN BOOM BITCH
(29:51 / All) Triggered: 3 CONTROL GROUPS OF ORC UD HU ARMIES
(30:28 / All) TheSmiths: Bad boy green
(30:30 / All) TheSmiths: very very BAD
(33:07 / All) Triggered: Yellow how's it feel to be 1-5?
(33:12 / All) Triggered: one of the worst records I've seen in a while
(33:26 / All) Triggered: Green 14-3 how's it feel to have your third loss?
(35:10 / All) Triggered: your team talk at allthis game?
(35:14 / All) TheSmiths: Yeah
(35:18 / All) TheSmiths: maybe it was in all
(35:22 / All) TheSmiths: mostly "wtf pink"
(43:45 / All) Triggered: RAPE
(43:48 / All) Triggered: BET YOU THOUGHT YOUI WON
(43:49 / All) Triggered: LOL